Unix NetHack Version 3.7.0-71 Work-in-progress - last build Jan 31 2023 02:41:03 (7ba98a1283f2b7cec35fde026edb48fc825ab8ae,branch:master). Game began 2023-02-04 17:08:00, ended 2023-02-04 18:37:58. Imanity, chaotic male elven Ranger ----- ------- |<..-- ------.......-- ------- --------------- |.....---|.........--..| |.....| ------- |.............| -..|....|.-------- |..| |.._..| |>....| -|---.--.----|| -.|-.....---- ...| |.....| --.-- .-....|--- |..|...|-.|.-..| --|.........|-- #|..-- ---|--- |..-.----.--..|..---|..|.-.-..--|..| ----.|...[|..- .-...-- |.| |..|.......--|-.%...-|--........--|| -----.......|.....---- |.| ...|@----........--................| ------ |..|.............---*-- #---|.. --.......-|..--------|--..-- |!..%| --.|....---...........--*- |.| |...{....|-.|.........|..-- |....| |.|......|...|........%..- |.| --.......| |[(.(!*/)%|...| ---|--------....-------...---...... |.|------.....- --------------- ------.---...-|...-|..|..|-...|..---...|.--..|...|....|------ |.......| |..|-.........-----|..|..|--.....|-....|.....|..---....|....| |.------- |..-...............-|---|-----..-|..........-|....|-..)).(((| |.|...| -----.....{....----......%........|...G.......|-...|...-|.(=/| |.|...| |..............-- -|--.---------.........--..|........|------ |.--+------- ||-----.........| |...|.|.(!(| --.......------...|....|--------.....|....| |...| --..------- |...|.-.(((| ---...--- -..|...--......|...{..-..-|| |...| ---- ------|.(((| ----- --- -.....----........|..|.| --- ------ ------ -------------- Imanity the Trailblazer St:14 Dx:10 Co:15 In:13 Wi:15 Ch:7 Chaotic S:6429 Dlvl:8 $:0 HP:0(51) Pw:46(46) AC:10 Xp:8/1320 T:3838 Burdened Blind Latest messages: Never mind. Call a scroll of teleportation: This door is locked. Unlock it with your lock pick? [ynq] (q) y You succeed in picking the lock. The door opens. You see here a chest. In what direction? . There is a chest here. Check it for traps? [ynq] (q) y You find no traps on the chest. In what direction? . There is a chest here. Check it for traps? [ynq] (q) y You find no traps on the chest. In what direction? . There is a chest here. Check it for traps? [ynq] (q) y You find no traps on the chest. In what direction? . There is a chest here. Check it for traps? [ynq] (q) y You find no traps on the chest. In what direction? . There is a chest here. Check it for traps? [ynq] (q) y You find no traps on the chest. Hmmm, the chest turns out to be locked. Unlock it with your lock pick? [ynq] (q) y You succeed in picking the lock. You have a little trouble removing Z - a yellowish brown gem. You have a little trouble lifting an empty unlocked chest. Continue? [ynq] (q) y c - an empty unlocked chest. You rebalance your load. Movement is difficult. You hear someone cursing shoplifters. The raven bites! The raven blinds you! It hits! It bites! It bites! It bites! What do you want to drop? [a-fjnpsxCFIMORX-Z or ?*] G You don't have that object. What do you want to drop? [a-fjnpsxCFIMORX-Z or ?*] ? You drop an empty unlocked chest. Your movements are only slowed slightly by your load. It bites! It hits! It bites! Wait! There's something there you can't see! It gets angry! It bites! It hits! You die... Do you want your possessions identified? [ynq] (y) q Inventory: Weapons b - a +1 elven bow n - 5 blessed +1 daggers F - 2 +0 daggers a - a +1 elven dagger (weapon in hand) Armor M - an uncursed +0 dwarvish iron helm j - an uncursed +0 pair of gauntlets of power p - an uncursed burnt +0 pair of fumble boots x - an uncursed +0 pair of speed boots R - an uncursed +0 dwarvish roundshield e - an uncursed +2 elven cloak C - an uncursed +0 elven mithril-coat Tools d - an uncursed bag of holding containing 22 items f - an uncursed tooled horn I - an uncursed leash s - an uncursed lock pick X - a tinning kit (0:97) Y - an uncursed towel O - an uncursed wax candle Gems/Stones Z - an uncursed amber stone Contents of the bag of holding: 575 gold pieces 37 blessed +0 elven arrows 49 +2 elven arrows 3 +0 daggers an uncursed clove of garlic 4 uncursed food rations 3 uncursed lembas wafers an uncursed tripe ration 2 uncursed tins of jaguar meat 3 uncursed lichen corpses an uncursed scroll of enchant weapon an uncursed scroll of light a potion of holy water an uncursed potion of confusion an uncursed potion of gain ability an uncursed potion of levitation a +0 pick-axe an uncursed worthless piece of black glass an uncursed worthless piece of green glass an uncursed opal an uncursed worthless piece of yellow glass an uncursed amber stone Imanity the Ranger's attributes: Background: You were a Trailblazer, a level 8 male elven Ranger. You were chaotic, on a mission for Mars who was opposed by Mercury (lawful) and Venus (neutral). You were in the Gnomish Mines, on level 8. You entered the dungeon 3838 turns ago. You had 1320 experience points, 1240 more were needed to attain level 9. Your score was 6429 before end-of-game adjustments. Basics: You had 0 out of 51 hit points. You had all 46 energy points (spell power). Your armor class was 10. Your wallet was empty, but you had 575 zorkmids stashed away in your pack. Autopickup was off. Final Characteristics: Your strength was 14 (limit:18). Your dexterity was 10 (peak:11, limit:18). Your constitution was 15 (limit:16). Your intelligence was 13 (limit:20). Your wisdom was 15 (limit:20). Your charisma was 7 (limit:18). Final Status: You were temporarily blind. You were not hungry. You were burdened; movement was slightly slowed. You were wielding a dagger. You were skilled in dagger. You were not wearing any armor. Final Attributes: You were piously aligned. You were sleep resistant. You had automatic searching. You had infravision. You were stealthy. You are dead. Miscellaneous: You disabled loading of bones levels. Total elapsed playing time was 1 hour, 27 minutes and 29 seconds. Major events: Turn 1: Imanity the chaotic male elven Ranger entered the dungeon 1242: attained the rank of Lookout (level 3) 1539: entered the Gnomish Mines 1817: attained the rank of Trailblazer (level 6) 2826: reached Mine Town 3838: killed by a gnome lord Vanquished creatures: a giant mimic a large mimic 5 small mimics a chameleon a giant spider a black light a plains centaur 4 snakes 9 gnome leaders 4 gnomish wizards a giant ant 10 dwarves a kobold shaman a centipede 2 dwarf zombies an iguana 3 hobbits 3 giant rats a brown mold a red mold 35 gnomes a gecko 5 jackals 2 kobolds 4 goblins 2 sewer rats 2 grid bugs 5 lichens a kobold zombie 5 newts 114 creatures vanquished. No species were genocided or became extinct. Voluntary challenges: You read items or engraved 1 time. You never engraved Elbereth. You never genocided any monsters. You never polymorphed an object. You used no wishes. Achievements: You entered a shop. You attained the rank of Lookout. You entered the Gnomish Mines. You attained the rank of Trailblazer. You entered Minetown. You entered a temple. The Dungeons of Doom: levels 1 to 5 Level 1: Level 2: A fountain. Level 3: "vault" A weapon shop. Level 4: "vault" A general store, a fountain, a grave. Stairs down to The Gnomish Mines. Level 5: The Gnomish Mines: levels 5 to 9 Level 5: Level 6: Level 7: Level 8: <- You were here. Many shops, a temple, many fountains. Final resting place for you, killed by a gnome lord. Level 9: Game over: ---------- / \ / REST \ / IN \ / PEACE \ / \ | Imanity | | 575 Au | | killed by a | | gnome lord | | | | | | 2023 | *| * * * | * _________)/\\_//(\/(/\)/\//\/|_)_______ Goodbye Imanity the Ranger... You died in The Gnomish Mines on dungeon level 8 with 6372 points, and 575 pieces of gold, after 3838 moves. You were level 8 with a maximum of 51 hit points when you died.